 Dungeon Crawl Stone Soup version 0.26.1-2-gb8aa6d0cf2 (webtiles) character file.

Game seed: 18157718199132730959

749 Gadfly the Gusty (level 7, 0/40 HPs)
             Began as a Tengu Hedge Wizard on Feb 19, 2021.
             Slain by an orc
             ... wielding a +0 flail
              (9 damage)
             ... on level 4 of the Dungeon.
             The game lasted 00:13:29 (8032 turns).

Gadfly the Gusty (Tengu Hedge Wizard)               Turns: 8032, Time: 00:13:29

Health: 0/40       AC:  3    Str: 11    XL:     7   Next: 78%
Magic:  13/13      EV: 16    Int: 16    God:
Gold:   112        SH:  0    Dex: 13    Spells: 5/13 levels left

rFire    . . .     SeeInvis +   b - +1 dagger (venom)
rCold    . . .     Faith    .   (no shield)
rNeg     . . .     Spirit   .   i - +0 robe
rPois    .         Reflect  .   c - +0 hat
rElec    .         Harm     .   (no cloak)
rCorr    .         Rampage  .   o - +0 pair of gloves
Will     .....     Clarity  +   (boots unavailable)
Stlth    ++........             n - amulet of magic regeneration
HPRegen  0.13/turn              (no ring)
MPRegen  0.38/turn              (no ring)

@: flying quickly and evasively, slowed, very slow
A: beak, talons 3, see invisible, clarity, able to fly
a: Stop Flying


You were on level 4 of the Dungeon.
You visited 1 branch of the dungeon, and saw 4 of its levels.
You also visited: Sewer.

You collected 112 gold pieces.

Inventory:

Hand Weapons
 a - a +2 halberd of flaming
 b - a +1 dagger of venom (weapon)
Armour
 c - a +0 hat (worn)
 i - a +0 robe (worn)
 o - a +0 pair of gloves (worn)
Jewellery
 n - an amulet of magic regeneration (around neck)
Scrolls
 f - 4 scrolls of teleportation
 k - 2 scrolls of magic mapping
 m - 2 scrolls of identify
Potions
 d - a potion of haste
 e - a potion of ambrosia
 h - 2 potions of heal wounds
 j - a potion of mutation
 l - a potion of curing
 p - 2 potions of brilliance


   Skills:
 + Level 2.3 Fighting
 * Level 4.2 Dodging
 - Level 2.0 Stealth
 + Level 3.6 Spellcasting
 * Level 4.3 Conjurations
 + Level 3.9 Summonings
 - Level 0.7 Translocations
 * Level 4.4 Air Magic
 * Level 3.1 Evocations


You had 5 spell levels left.
You knew the following spells:

 Your Spells              Type           Power        Failure   Level
a - Magic Dart            Conj           64%          3%          1
b - Call Imp              Summ           15%          5%          2
c - Blink                 Tloc           N/A          21%         2
d - Mephitic Cloud        Conj/Pois/Air  12%          16%         3

Your spell library contained the following spells:

 Spells                   Type           Power        Failure   Level
 Conjure Flame            Conj/Fire      9%           22%         3
 Slow                     Hex            2%           26%         2


Dungeon Overview and Level Annotations

Branches:
Dungeon (4/15)              Sewer (visited)
 Temple: D:4-7

Altars:
Okawaru
Ru
Trog


Innate Abilities, Weirdness & Mutations

You have a beak for a mouth.
You have claws for feet.
You can fly continuously.
You have supernaturally acute eyesight. (SInv)
You possess an exceptional clarity of mind.


Message History

The orc priest is moderately wounded.
You kill the orc wizard!
The orc priest hits you with a +0 dagger.
The orc hits you with a +0 flail.
The orc priest miscasts a cantrip.
You barely miss the orc priest.
The orc priest is moderately wounded.
The orc misses you.
The orc priest hits you with a +0 dagger.
Unknown command.
You hit the orc priest.
The orc priest is poisoned.
The orc priest is heavily wounded.
The orc priest looks braver for a moment.
The orc hits you with a +0 flail.
* * * LOW HITPOINT WARNING * * *
The orc priest hits you but does no damage.
You completely miss the orc priest. Your kick misses the orc priest.
The orc priest is severely wounded.
The orc hits you with a +0 flail!
You die...

##.##########..........
#.†.#...# #..#.......
#.⌠...⌠.# .#..##.#.###
#...#...# ..#..##.#....
######.###.######.#####
#...#...#...# #......
#.⌠...⌠...⌠.# #######
#...#...#...#
##.###@###### #.. #oo)#
#. #.⌠... # #...#...
#########


You could see an orc priest (very poisoned) and an orc.

Vanquished Creatures
  Menkaure (D:4)
  An orc warrior (D:4)
  An iguana (D:4)
  8 orc wizards
  Robin (D:4)
  6 adders
  7 gnolls
  2 river rats (Sewer)
  An ooze (D:2)
  2 worms
  3 dart slugs
  3 leopard geckos
  10 orcs
  5 giant cockroaches
  16 goblins
  9 hobgoblins
  12 jackals
  A quokka (D:4)
  5 ball pythons
  9 bats
  10 frilled lizards
  8 kobolds
  17 rats
138 creatures vanquished.

Vanquished Creatures (others)
  44 plants (D:4)
44 creatures vanquished.

Grand Total: 182 creatures vanquished

Notes
Turn   | Place    | Note
-------+----------+-------------------------------------------
     0 | D:1      | Gadfly the Tengu Hedge Wizard began the quest for the Orb.
     0 | D:1      | Reached XP level 1. HP: 10/10 MP: 5/5
   447 | D:1      | Reached XP level 2. HP: 15/15 MP: 5/7
   566 | D:1      | Reached skill level 1 in Air Magic
   897 | D:1      | Learned a level 2 spell: Call Imp
   900 | D:1      | Learned a level 2 spell: Blink
  1228 | D:2      | Reached skill level 1 in Evocations
  1228 | D:2      | Reached XP level 3. HP: 19/20 MP: 1/8
  1235 | D:2      | Learned a level 3 spell: Mephitic Cloud
  1298 | D:2      | Found an iron altar of Okawaru.
  1840 | D:2      | Reached XP level 4. HP: 12/24 MP: 2/9
  2357 | D:2      | Reached skill level 1 in Fighting
  2540 | D:2      | You fall into a shaft and drop 1 floor!
  2609 | D:4      | Found a glowing drain.
  2658 | Sewer    | Entered a sewer
  2687 | Sewer    | Gained mutation: You can fly continuously. [Tengu growth]
  2687 | Sewer    | Reached XP level 5. HP: 20/29 MP: 1/10
  3276 | D:4      | Found a sacrificial altar of Ru.
  3277 | D:4      | Noticed Menkaure
  3512 | D:3      | Found a bloodstained altar of Trog.
  3522 | D:3      | Gained mutation: You have supernaturally acute eyesight.
                  | (SInv) [potion of mutation]
  3522 | D:3      | Gained mutation: You possess an exceptional clarity of
                  | mind. [potion of mutation]
  3531 | D:4      | Killed Menkaure
  3532 | D:4      | Reached XP level 6. HP: 20/34 MP: 11/11
  3537 | D:4      | Noticed an orc warrior
  5802 | D:4      | Killed an orc warrior
  5803 | D:4      | Reached XP level 7. HP: 39/39 MP: 13/13
  7463 | D:4      | Noticed Robin
  7509 | D:4      | Killed Robin
  8032 | D:4      | Slain by an orc

Illustrated notes

Levels and vault maps discovered:
D:1:      psy_arrival_whirlpool, layout_basic, minmay_misc_feat_roman
D:2:      layout_basic, okawaru_gym_becter
D:3:      lemuel_upstairs_altar, layout_basic
D:4:      layout_cave_pools, lemuel_round_altar, minmay_temple_entry_nine_rooms,
          serial_co_window_serial, co_window_paths_b, co_window_paths_a,
          co_window_of_opportunity_a, co_window_paths_a, co_window_cross_1,
          co_window_broadway_a, co_window_of_opportunity_b,
          co_window_broadway_c, co_window_sun, glass_columns_a, glass_columns_a,
          cheibrodos_sewer_entry_drain, nicolae_ossuary_entry_ruins,
          serial_bayou_lagoon_a, uniq_robin, uniq_menkaure

Skill      XL: |  1  2  3  4  5  6  7 |
---------------+----------------------+-----
Air Magic      | 1 2 3 4 |  4.4
Evocations     | 1 2 3 |  3.1
Conjurations   | 2 3 4 |  4.3
Summonings     | 2 3 |  3.9
Fighting       | 1 2 |  2.3
Dodging        | 3 4 |  4.2
Stealth        | |  2.0
Spellcasting   | |  3.6
Translocations | |  0.7

Action                   |  1- 3 |  4- 6 |  7- 9 || total
-------------------------+-------+-------+-------++-------
Melee: Dagger            |    10 |       |    25 ||    35
       Kick              |    11 |    21 |    19 ||    51
       Short sword       |    44 |    85 |       ||   129
       Peck              |     5 |    11 |    12 ||    28
       Halberd           |       |    15 |    75 ||    90
 Cast: Magic Dart        |    62 |    91 |    23 ||   176
       Call Imp          |     1 |       |       ||     1
       Mephitic Cloud    |       |     7 |     4 ||    11
       Blink             |       |     5 |     3 ||     8
 Abil: Fly               |       |     2 |       ||     2
       Stop Flying       |       |     1 |       ||     1
  Use: Scroll            |     5 |     6 |     2 ||    13
       Potion            |       |     4 |     2 ||     6
 Stab: Sleeping          |     3 |     1 |       ||     4
       Confused          |       |     5 |     1 ||     6
       Distracted        |       |     3 |       ||     3
Armor: Robe              |    10 |    19 |    17 ||    46
Dodge: Dodged            |    42 |    98 |   135 ||   275
